 Dungeon Crawl Stone Soup version 0.23.1 (webtiles) character file.

Game seed: 10559682039956439255

53 Hasart the Scratcher (level 3, -2/16 HPs)
             Began as a Felid Transmuter on Mar 7, 2019.
             Slain by Natasha (5 damage)
             ... on level 2 of the Dungeon.
             The game lasted 00:03:08 (1508 turns).

Hasart the Scratcher (Felid Transmuter)             Turns: 1508, Time: 00:03:09

Health: -2/16      AC:  1    Str:  7    XL:     3   Next: 62%
Magic:  7/7        EV: 19    Int: 14    God:
Gold:   101        SH:  0    Dex: 19    Spells: 5/6 levels left
                                        Lives:  0   Deaths: 0

rFire    . . .     SeeInvis +     - Unarmed
rCold    . . .     Gourm    .   (shield unavailable)
rNeg     . . .     Faith    .   (armour unavailable)
rPois    .         Spirit   .   (helmet unavailable)
rElec    .         Reflect  .   (cloak unavailable)
rCorr    .         Harm     .   (gloves unavailable)
MR       .....                  (boots unavailable)
Stlth    +++.......             g - amulet of magic regeneration
HPRegen  0.05/turn              d - +3 ring of dexterity
MPRegen  0.35/turn              (no ring)

@: quick
A: very small, no armour, no weapons or thrown items, stealth, claws 1, fangs 3,
see invisible, carnivore, speed 1, shaggy fur 1, slow metabolism 1, sharp paws
a: no special abilities


You were on level 2 of the Dungeon.
You were very full.

You visited 1 branch of the dungeon, and saw 2 of its levels.

You collected 101 gold pieces.

Inventory:

Missiles
 a - 12 arrows
Jewellery
 d - a +3 ring of dexterity (left paw)
 g - an amulet of magic regeneration (around neck)
Scrolls
 b - a scroll of identify {unknown}
 e - a scroll of fear {unknown}
 f - a scroll of enchant armour {unknown}
Potions
 h - a potion of curing {unknown}
Comestibles
 c - 2 rations


   Skills:
 + Level 1.7 Fighting
 + Level 3.4 Dodging
 + Level 1.8 Stealth
 * Level 3.7 Unarmed Combat
 - Level 2.0 Spellcasting
 - Level 2.1 Transmutations


You had 5 spell levels left.
You knew the following spells:

 Your Spells              Type           Power        Failure   Level  Hunger
a - Beastly Appendage     Tmut           #.....       10%         1    ##.....

Your spell library contained the following spells:

 Spells                   Type           Power        Failure   Level  Hunger
 Sticks to Snakes         Tmut           #.......     14%         2    ###....
 Spider Form              Tmut/Pois      #.........   41%         3    ####...
 Ice Form                 Ice/Tmut       #.......     83%         4    #####..
 Blade Hands              Tmut           #.........   95%         5    ######.


Dungeon Overview and Level Annotations

Branches:
Dungeon (2/15)

Altars:
Trog
Yredelemnul

Annotations:
D:2 Natasha


Innate Abilities, Weirdness & Mutations

You cannot wear armour.
You are incapable of wielding weapons or throwing items.
Your paws allow you to move quietly. (Stealth)
You have sharp claws.
You have razor-sharp teeth.
You have supernaturally acute eyesight. (SInv)
You are carnivorous and can eat meat at any time.
You cover ground quickly.
You are covered in fur. (AC +1)
You have a slow metabolism.
Your sharp claws are effective at attacking unaware monsters.


Message History

Natasha mumbles some strange words.
Natasha's front paws start to glow.
Natasha casts a spell.
Unknown command.
You closely miss Natasha.
Natasha is heavily wounded.
An adder comes into view.
The giant cockroach barely misses you.
Unknown command.
You miss Natasha.
The adder hisses angrily.
You bite Natasha.
Natasha is heavily wounded.
Natasha misses you. The crimson imp misses you. The rat closely misses you.
The giant cockroach closely misses you.
Unknown command.
You scratch Natasha.
Natasha is severely wounded.
Natasha claws you.
You die...

...s.......#..###.#.##.....##
.....................##...##
.....................######
.........S.........†.#####
.............#...#
...#.#.......#...#
.............)...#
##...r5.#.......#
#.._8s@.#.........#
......h.######....$#
........# ......# ###....##
...#### ##... #### ##.. #..
...


You could see Natasha, a crimson imp, an adder, a giant cockroach and a rat.

Vanquished Creatures
  An adder (D:2)
  A dart slug (D:1)
  3 leopard geckos
  An orc (D:2)
  3 bats
  A giant cockroach (D:1)
  7 goblins (D:1)
  A hobgoblin (D:1)
  4 jackals (D:1)
  3 ball pythons
  2 frilled lizards (D:1)
  4 kobolds
  4 rats
35 creatures vanquished.

Notes
Turn   | Place    | Note
-------+----------+-------------------------------------------
     0 | D:1      | Hasart the Felid Transmuter began the quest for the Orb.
     0 | D:1      | Reached XP level 1. HP: 9/9 MP: 4/4
   489 | D:1      | Reached XP level 2. HP: 4/12 MP: 6/6
   693 | D:1      | Reached skill level 1 in Stealth
  1053 | D:1      | Reached XP level 3. HP: 15/15 MP: 7/7
  1446 | D:2      | Found a basalt altar of Yredelemnul.
  1496 | D:2      | Found a bloodstained altar of Trog.
  1496 | D:2      | Noticed Natasha
  1508 | D:2      | Slain by Natasha

Skill      XL: |  1  2 |
---------------+-------+-----
Dodging        | 3 |  3.4
Stealth        | 1 |  1.8
Fighting       | |  1.7
Unarmed Combat | |  3.7
Spellcasting   | |  2.0
Transmutations | |  2.1

Action                   || total
-------------------------++-------
Melee: Unarmed           ||   126
       Bite              ||     9
       Punch             ||     1
 Stab: Sleeping          ||     2
  Eat: Chunk             ||     8
Armor: Skin              ||     5
Dodge: Dodged            ||    90
